 Dungeon Crawl Stone Soup version 0.29-a0-620-g13ace881f2 (webtiles) character file.

Game seed: 14978098098458910984

6540 shoop the Martial Artist (level 11, 0/110 HPs)
             Began as a Meteoran Transmuter on June 18, 2022.
             Was a Believer of Elyvilon.
             Slain by a centaur (3 damage)
             ... on level 11 of the Dungeon.
             The game lasted 00:28:21 (3167 turns).

shoop the Martial Artist (Meteoran Transmuter)      Turns: 3167, Time: 00:28:21

Health: 0/110      AC:  3    Str: 12    XL:     11   Next: 43%
Magic:  3/16       EV: 14    Int: 24    God:    Elyvilon [**....]
Gold:   335        SH:  0    Dex: 16    Spells: 1/16 levels left

rFire   x . .      SeeInvis .     - Unarmed
rCold   + + +      Faith    .   (shield currently unavailable)
rNeg    . . .      Spirit   .   (body armour currently unavailable)
rPois   +          Reflect  .   (helmet currently unavailable)
rElec   .          Harm     .   (cloak currently unavailable)
rCorr   .          Rampage  .   (gloves currently unavailable)
Will    +....                   (boots currently unavailable)
Stlth   +.........              (no amulet)
HPRegen 0.28/turn               g - ring of flight
MPRegen 0.15/turn               j - +6 ring of intelligence

@: ice-form, corroded, flying, glowing
A: freezing attack, amphibious, boosted hp, large, sense surroundings 2,
otherworldly, glowing, explore regen
a: End Transformation, Renounce Religion, Purification, Heal Other


You were on level 11 of the Dungeon.
You worshipped Elyvilon.
Elyvilon was pleased with you.
You were a creature of crystalline ice.
You visited 1 branch of the dungeon, and saw 11 of its levels.

You collected 335 gold pieces.

Inventory:

Hand Weapons
 b - a +2 whip of flaming (melded)
Missiles
 p - 3 throwing nets
Armour
 a - a +0 robe
 h - a +0 cloak
 m - the +6 plate armour of Demonic Freedom {rC+++ Int-4 Dex+4}
   (You found it on level 3 of the Dungeon)

   Int:       It affects your intelligence (-4).
   Dex:       It affects your dexterity (+4).
   rC:        It renders you almost immune to cold.
 o - a +0 robe of willpower (melded)
 r - a +0 pair of boots (melded)
 u - a +0 pair of gloves (melded)
Magical Staves
 y - a staff of poison
Jewellery
 g - a ring of flight (left front paw)
 j - a +6 ring of intelligence (right front paw)
Scrolls
 c - a scroll of fear {unknown}
 d - a scroll of vulnerability {unknown}
 f - 2 scrolls of magic mapping {unknown}
 i - a scroll of amnesia
 k - 2 scrolls of immolation {unknown}
 s - 2 scrolls of poison
 t - 2 scrolls of fog
 z - a scroll of enchant armour {unknown}
 A - 3 scrolls of teleportation
 F - a scroll of silence {unknown}
Potions
 e - 2 potions of flight
 l - 3 potions of curing {unknown}
 n - 3 potions of attraction {unknown}
 q - a potion of degeneration {unknown}
 v - 2 potions of haste
 x - a potion of heal wounds {unknown}
 B - a potion of experience {unknown}
 C - a potion of brilliance {unknown}
 D - a potion of mutation {unknown}
 E - a potion of cancellation {unknown}
 G - a potion of invisibility {unknown}
Miscellaneous
 w - a piece from Xom's chessboard (14/15)


   Skills:
 + Level 7.5 Fighting
 - Level 3.2 Maces & Flails
 + Level 8.4 Dodging
 * Level 12.7 Unarmed Combat
 - Level 3.0 Spellcasting
 + Level 5.5 Translocations
 - Level 5.4 Transmutations
 - Level 2.0 Ice Magic
 - Level 2.0 Poison Magic
 + Level 4.6 Invocations


You had one spell level left.
You knew the following spells:

 Your Spells              Type           Power      Damage    Failure   Level
a - Beastly Appendage     Tmut           58%        N/A       1%          1
b - Blink                 Tloc           60%        N/A       1%          2
c - Spider Form           Tmut/Pois      21%        N/A       7%          3
d - Ice Form              Ice/Tmut       21%        N/A       24%         4
e - Manifold Assault      Tloc           30%        N/A       30%         5

Your spell library contained the following spells:

 Spells                   Type           Power      Damage    Failure   Level
 Magic Dart               Conj           12%        1d3       11%         1
 Wereblood                Tmut           29%        N/A       1%          2
 Lesser Beckoning         Tloc           30%        N/A       3%          3
 Ensorcelled Hibernation  Hex/Ice        16%        N/A       11%         2
 Searing Ray              Conj           6%         2d4       16%         2
 Anguish                  Hex/Necr       1%         N/A       71%         4
 Fulminant Prism          Conj/Hex       1%         3d6       71%         4


Dungeon Overview and Level Annotations

Branches:
Dungeon (11/15) Zot: 3497
 Temple: D:4-7         Lair: D:8-11         Orc: D:9-12

Altars:
Elyvilon
Beogh


Innate Abilities, Weirdness & Mutations

You are a creature of crystalline ice.
You have a powerful freezing melee attack.
You are amphibious.
Your maximum health is increased.
Your armour is entirely melded.
You are incapable of wielding weapons or throwing items.
You passively map the area around you.
You are easily found by Zot.
You glow in the dark.
You regain HP and MP as you explore.


Message History

The arrow misses you.
You punch the centaur! You freeze the centaur.
You kill the centaur!
A centaur comes into view.
The centaur shoots an arrow.
The arrow closely misses you.
A centaur comes into view. It is wielding a staff of air.
The centaur shouts!
The centaur wields a +0 shortbow.
The centaur shoots an arrow.
The arrow hits you.
* * * LOW HITPOINT WARNING * * *
A centaur comes into view.
You punch the centaur! You freeze the centaur.
The centaur is heavily wounded.
The centaur shoots an arrow.
The arrow hits you!
* * * LOW HITPOINT WARNING * * *
The centaur unwields a +1 shortbow of freezing.
The centaur barely misses you.
The centaur kicks you but does no damage.
Casting: Ice Form (dangerous; 24% risk of failure)
Confirm with . or Enter, or press ? or * to list all spells.
Okay, then.
Casting: Ice Form (dangerous; 24% risk of failure)
Confirm with . or Enter, or press ? or * to list all spells.
Space momentarily warps into an impossible shape!
You punch the centaur! You freeze the centaur. You pummel the centaur!!
You freeze the centaur. You punch the centaur! You freeze the centaur.
You kill the centaur!
The centaur shoots an arrow.
The arrow hits you!
* * * LOW HITPOINT WARNING * * *
The centaur wields a +0 shortbow.
The centaur shoots an arrow.
The arrow closely misses you. The centaur hits you.
* * * LOW HITPOINT WARNING * * *
The centaur kicks you.
* * * LOW HITPOINT WARNING * * *
The centaur shoots an arrow.
The arrow hits you.
* * * LOW HITPOINT WARNING * * *
Okay, then.
Okay, then.
The centaur barely misses you. The centaur kicks you.
You die...

** , ,, #..,......,
###c# ......, ,, *
...##.c..... ,,,, *
* *#..........., , ,
* . ###........... ,
, ,
..,###.............
, ,,..#.....c).#
..... ,
*........Y.##......
* ,
.##.....)........ ,
#######<).#.###....#
, ,, ,
#...##.......# * ...
, #...##.......#..,
,., ,
#...#.......... , *
#.........##.... ,
##.<.......#....,
##.##........... , *


You could see 3 centaurs.

Vanquished Creatures
  A two-headed ogre (D:10)
  Pikel (D:5)
  A deep elf pyromancer (D:10)
  An ugly thing (D:10)
  Joseph (D:7)
  An efreet (D:10)
  A troll (D:9)
  An ice devil (D:10)
  Grinder (D:3)
  Sigmund (D:4)
  Eustachio (D:5)
  A wraith (D:10)
  A wyvern (D:8)
  An acid dragon (D:11)
  2 water moccasins
  2 sky beasts
  A black bear (D:5)
  6 orc warriors
  An ogre (D:6)
  3 centaurs
  A kobold brigand (D:9)
  A bullfrog (D:8)
  A necrophage (D:5)
  A scorpion (D:5)
  7 wights
  2 gnoll shamans (D:5)
  A jelly (D:5)
  5 orc priests
  2 hounds
  An iguana (D:5)
  8 orc wizards
  8 gnolls (D:5)
  9 adders
  A shadow imp (D:7)
  A white imp (D:8)
  2 worms (D:3)
  5 dart slugs
  35 orcs
  3 ball pythons (D:3)
  A bat (D:3)
  6 endoplasms
  A giant cockroach (D:3)
  5 hobgoblins
  A jackal (D:3)
  10 kobolds
  A quokka (D:3)
  3 frilled lizards
  5 goblins
156 creatures vanquished.

Vanquished Creatures (others)
  A steam dragon (D:10)
  An orc (D:10)
2 creatures vanquished.

Grand Total: 158 creatures vanquished

Notes
Turn   | Place    | Note
-------+----------+-------------------------------------------
     0 | D:1      | shoop the Meteoran Transmuter began the quest for the Orb.
     0 | D:1      | Reached XP level 1. HP: 16/16 MP: 5/5
   141 | D:1      | Reached skill level 4 in Unarmed Combat
   148 | D:1      | Reached XP level 2. HP: 23/23 MP: 6/6
   165 | D:1      | Learned a level 2 spell: Blink
   326 | D:2      | Reached skill level 1 in Translocations
   326 | D:2      | Reached XP level 3. HP: 14/28 MP: 6/8
   499 | D:3      | Learned a level 3 spell: Spider Form
   532 | D:3      | Noticed Grinder
   543 | D:4      | Found a white marble altar of Elyvilon.
   549 | D:4      | Became a worshipper of Elyvilon the Healer
   638 | D:3      | Reached skill level 5 in Unarmed Combat
   638 | D:3      | Reached skill level 1 in Poison Magic
   638 | D:3      | Reached XP level 4. HP: 31/35 MP: 7/9
   677 | D:3      | Killed Grinder
   678 | D:3      | Reached skill level 6 in Unarmed Combat
   678 | D:3      | Reached XP level 5. HP: 31/40 MP: 6/10
   678 | D:3      | Reached XP level 6. HP: 37/47 MP: 6/11
   683 | D:3      | Learned a level 4 spell: Ice Form
   782 | D:3      | Reached * piety under Elyvilon
   834 | D:3      | Reached XP level 7. HP: 50/52 MP: 9/12
   846 | D:3      | Identified the +6 plate armour of Demonic Freedom {rC+++
                  | Int-4 Dex+4}
   919 | D:5      | Entered Level 5 of the Dungeon
   994 | D:4      | Noticed Pikel
  1011 | D:5      | Killed Pikel
  1012 | D:5      | Reached skill level 7 in Unarmed Combat
  1012 | D:5      | Reached skill level 5 in Transmutations
  1012 | D:5      | Reached XP level 8. HP: 10/61 MP: 11/13
  1023 | D:5      | Reached skill level 1 in Invocations
  1100 | D:5      | Reached skill level 1 in Maces & Flails
  1185 | D:4      | Found a white marble altar of Elyvilon.
  1185 | D:4      | Noticed Sigmund
  1256 | D:4      | Killed Sigmund
  1392 | D:5      | Gained mutation: You passively map the area around you.
                  | [Meteoran growth]
  1392 | D:5      | Reached XP level 9. HP: 70/70 MP: 14/14
  1405 | D:5      | Noticed Eustachio
  1443 | D:5      | Killed Eustachio
  1444 | D:5      | Reached skill level 8 in Unarmed Combat
  1532 | D:5      | Reached skill level 5 in Dodging
  1728 | D:7      | Noticed Joseph
  1740 | D:7      | Killed Joseph
  1741 | D:7      | Reached skill level 9 in Unarmed Combat
  1764 | D:7      | Reached skill level 5 in Fighting
  1784 | D:7      | Reached XP level 10. HP: 81/81 MP: 10/15
  1829 | D:8      | Reached skill level 10 in Unarmed Combat
  1931 | D:8      | Reached ** piety under Elyvilon
  2307 | D:8      | Reached skill level 11 in Unarmed Combat
  2616 | D:9      | Reached *** piety under Elyvilon
  2644 | D:9      | Learned a level 5 spell: Manifold Assault
  2645 | D:10     | Entered Level 10 of the Dungeon
  2645 | D:10     | Noticed a two-headed ogre
  2655 | D:10     | Killed a two-headed ogre
  2750 | D:10     | Reached XP level 11. HP: 61/91 MP: 14/16
  2833 | D:10     | Noticed a deep elf pyromancer
  2841 | D:10     | Noticed a boulder beetle
  2845 | D:10     | Reached skill level 12 in Unarmed Combat
  2851 | D:10     | Killed a deep elf pyromancer
  2925 | D:10     | Reached skill level 5 in Translocations
  2978 | D:10     | Noticed a cyan ugly thing
  2987 | D:10     | Killed a cyan ugly thing
  3078 | D:10     | Noticed a boulder beetle
  3166 | D:11     | HP: 5/110 [centaur (3)]
  3166 | D:11     | HP: 2/110 [centaur/arrow (3)]
  3167 | D:11     | Slain by a centaur

Illustrated notes

Levels and vault maps discovered:
D:1:      nicolae_arrival_somewhat_less_tricky_arrival, layout_loops_ring,
          chequers_serial_rivers_micro_a
D:2:      layout_rooms, dreamdust_princess_bridge
D:3:      minmay_octagon_keep, layout_basic, uniq_grinder
D:4:      layout_rooms, elyvilon_altar_5, kennysheep_flooded_box, uniq_duvessa,
          uniq_pikel, uniq_sigmund
D:5:      layout_basic, guppyfry_early_lair_pool, uniq_eustachio
D:6:      layout_rooms, minmay_temple_entry_gardened_gates, roderic_filled_cross
D:7:      layout_rooms, uniq_joseph
D:8:      layout_loops_ring
D:9:      minmay_flawed_box, layout_grid_maze, nrook_mini_backslash
D:10:     layout_roguey, special_room [special_room_orc],
          dilly_guarded_unrand_elemental_staff
D:11:     layout_cave_pools, lair_entry_dummy, orc_0_dummy

Skill      XL: |  1  2  3  4  5  6  7  8  9 10 11 |
---------------+----------------------------------+-----
Unarmed Combat | 4 5 6 7 9 11 12 | 12.7
Translocations | 1 4 5 |  5.5
Poison Magic   | 1 2 |  2.0
Spellcasting   | 3 |  3.0
Fighting       | 2 3 5 6 7 |  7.5
Dodging        | 3 4 6 7 8 |  8.4
Ice Magic      | 2 |  2.0
Transmutations | 5 |  5.4
Invocations    | 2 4 |  4.6
Maces & Flails | 3 |  3.2

Action                   |  1- 3 |  4- 6 |  7- 9 | 10-12 || total
-------------------------+-------+-------+-------+-------++-------
Melee: Unarmed           |    49 |    50 |   126 |   183 ||   408
       Kick              |    13 |    12 |     1 |       ||    26
       Headbutt          |     7 |     7 |       |       ||    14
       Punch             |       |     1 |     1 |       ||     2
       Whip              |       |       |     4 |     6 ||    10
 Cast: Beastly Appendage |     9 |     5 |     1 |       ||    15
       Spider Form       |       |     2 |     7 |     3 ||    12
       Ice Form          |       |       |     6 |    14 ||    20
       Manifold Assault  |       |       |       |     1 ||     1
Invok: Heal Other        |       |       |       |     7 ||     7
       Heal Self         |       |       |       |     1 ||     1
 Abil: End Transformatio |       |       |     1 |     1 ||     2
Evoke: Piece from Xom's  |       |       |       |     3 ||     3
  Use: Potion            |       |       |     1 |       ||     1
       Scroll            |       |       |       |     8 ||     8
Armor: Robe              |     3 |     5 |     2 |     2 ||    12
       Skin              |       |       |    28 |    38 ||    66
Dodge: Dodged            |    17 |    22 |    62 |    83 ||   184

Table legend: (Time is in decaauts)
 A = Elapsed time spent in this place.
 B = Non-inter-level travel time spent in this place.
 C = Inter-level travel time spent in this place.
 D = Time resting spent in this place.
 E = Time spent auto-exploring this place.
 F = Levels seen in this place.
 G = Mean time per level.
                   A        B        C        D        E       F      G
               +--------+--------+--------+--------+--------+-----+--------+
         Total |   3101 |   2828 |    273 |      0 |    174 |  11 |  281.9 |
       Dungeon |   3101 |   2828 |    273 |      0 |    174 |  11 |  281.9 |
               +--------+--------+--------+--------+--------+-----+--------+

Top non-repeatable levels by time:
     D:5: 621 daAuts
     D:9: 578 daAuts
    D:10: 428 daAuts
     D:1: 351 daAuts
     D:3: 302 daAuts
     D:8: 257 daAuts
     D:4: 222 daAuts
     D:2: 145 daAuts
     D:7: 82 daAuts
     D:6: 60 daAuts
    D:11: 52 daAuts
